 Dungeon Crawl Stone Soup version 0.28.0-53-g5a82cb258f (webtiles) character file.

Game seed: 2831438980336311330

136 issech the Chopper (level 4, -1/41 HPs)
             Began as a Minotaur Monk on June 2, 2022.
             Slain by an iguana (10 damage)
             ... on level 4 of the Dungeon.
             The game lasted 00:06:15 (3573 turns).

issech the Chopper (Minotaur Monk)                  Turns: 3573, Time: 00:06:15

Health: -1/41      AC:  5    Str: 16    XL:     4   Next: 98%
Magic:  3/3        EV: 12    Int:  7    God:
Gold:   134        SH:  0    Dex: 14    Spells: 3/3 levels left

rFire   . . .      SeeInvis .   a - +0 hand axe
rCold   . . .      Faith    .   (no shield)
rNeg    . . .      Spirit   .   s - +0 ring mail
rPois   .          Reflect  .   (helmet restricted)
rElec   .          Harm     .   (no cloak)
rCorr   .          Rampage  .   (no gloves)
Will    .....                   (no boots)
Stlth   +.........              (no amulet)
HPRegen 0.13/turn               (no ring)
MPRegen 0.08/turn               (no ring)

@: no status effects
A: horns 2, retaliatory headbutt
a: no special abilities


You were on level 4 of the Dungeon.
You visited 1 branch of the dungeon, and saw 4 of its levels.

You collected 134 gold pieces.

Inventory:

Hand Weapons
 a - a +0 hand axe (weapon)
 f - a +0 long sword
 j - a +0 spear of flaming
 r - a +0 hunting sling
Missiles
 d - 99 stones
 m - 5 poisoned darts
 n - 67 arrows
 p - 5 boomerangs (quivered)
Armour
 b - a +0 robe
 q - a +0 leather armour
 s - a +0 ring mail (worn)
Wands
 u - a wand of acid (8)
Scrolls
 c - 3 scrolls of identify {unknown}
 l - a scroll of immolation {unknown}
 t - 2 scrolls of vulnerability {unknown}
 v - a scroll of teleportation {unknown}
Potions
 e - a potion of attraction {unknown}
 g - a potion of ambrosia {unknown}
 h - a potion of lignification {unknown}
 i - a potion of flight {unknown}
 k - a potion of curing {unknown}
 o - a potion of mutation {unknown}


   Skills:
 + Level 4.4 Fighting
 + Level 5.0 Axes
 + Level 0.6 Armour
 + Level 4.0 Dodging
 + Level 2.6 Stealth


You had 3 spell levels left.
You didn't know any spells.
Your spell library contained the following spells:

 Spells                   Type           Power      Damage    Failure   Level
 Confusing Touch          Hex            0%         N/A       95%         3
 Yara's Violent Unravell  Hex/Tmut       0%         3d3       100%        5
 Enfeeble                 Hex            0%         N/A       100%        7


Dungeon Overview and Level Annotations

Branches:
Dungeon (4/15)
 Temple: D:4-7

Altars:
Dithmenos
Gozag
Uskayaw
Yredelemnul


Innate Abilities, Weirdness & Mutations

You have a pair of horns on your head.
You reflexively headbutt those who attack you in melee.


Message History

Found 10 gold pieces.
You slash the orc!
You kill the orc!
An orc priest comes into view. It is wielding a +0 dagger.
Things that are here:
a +0 club; an orc corpse
c - 3 scrolls labelled YPTOISHRIAC (gained 1)
The orc priest shouts!
You hear a shout!
The orc priest mumbles some strange prayers to Beogh against you.
Pain shoots through your body!
An iguana comes into view.
The orc priest hits you but does no damage.
You closely miss the orc priest. The orc priest closely misses you.
You furiously retaliate!
You headbutt the orc priest. You slash the orc priest!
The orc priest is severely wounded.
The orc priest completely misses you.
You barely miss the orc priest.
The orc priest is severely wounded.
You hit the iguana.
The orc priest hits you but does no damage.
The iguana bites you!
You closely miss the orc priest. Your headbutt misses the orc priest.
You punch the orc priest.
The orc priest is severely wounded.
You hit the iguana but do no damage.
The orc priest hits you with a +0 dagger.
The iguana bites you.
You hit the orc priest. You headbutt the orc priest.
You kill the orc priest!
You hit the iguana but do no damage. The iguana closely misses you.
Your Axes skill increases to level 5!
Your Dodging skill increases to level 4!
You hit the iguana but do no damage.
The iguana is lightly wounded.
The iguana bites you!
* * * LOW HITPOINT WARNING * * *
The iguana completely misses you.
You hit the iguana but do no damage. The iguana bites you!
You die...

..##.......###.##
# ...........#.##
##. ..#.......#.##
...###.###...#####
#.#.#..###...#
........####
.....##.###
...#l##...# .
#)@....# ####)..#
#..## $....#
#####.# #.# #.#
..# ###


You could see an iguana.

Vanquished Creatures
  An orc priest (D:4)
  A gnoll (D:2)
  4 adders
  An ufetubus (D:4)
  A worm (D:2)
  A dart slug (D:2)
  An orc (D:4)
  12 endoplasms
  A giant cockroach (D:3)
  6 hobgoblins
  2 jackals (D:2)
  A quokka (D:1)
  5 ball pythons
  8 bats
  4 rats
49 creatures vanquished.

Notes
Turn   | Place    | Note
-------+----------+-------------------------------------------
     0 | D:1      | issech the Minotaur Monk began the quest for the Orb.
     0 | D:1      | Reached XP level 1. HP: 19/19 MP: 0/0
   453 | D:1      | Reached XP level 2. HP: 27/27 MP: 1/1
   542 | D:1      | Reached skill level 4 in Axes
  1083 | D:2      | Reached XP level 3. HP: 30/33 MP: 2/2
  1708 | D:2      | Reached XP level 4. HP: 20/40 MP: 3/3
  1862 | D:2      | You fall into a shaft and drop 1 floor!
  2121 | D:2      | Found a basalt altar of Yredelemnul.
  2567 | D:3      | Found a hide-covered altar of Uskayaw.
  2707 | D:3      | Found a shadowy altar of Dithmenos.
  2864 | D:3      | Found an opulent altar of Gozag.
  3572 | D:4      | Reached skill level 5 in Axes
  3573 | D:4      | Slain by an iguana

Illustrated notes

Levels and vault maps discovered:
D:1:      psy_arrival_spokes, layout_loops_ring
D:2:      layout_basic, basic_altar, st_stairs_3, minmay_misc_feat_doors,
          minivault_23, cheibrodos_gnoll_hut
D:3:      layout_basic, grunt_dithmenos_smoke, nicolae_gozag_seed_capital,
          nicolae_uskayaw_murder_on_the_dancefloor,
          chequers_serial_rivers_small_3, hangedman_abyss_or_decor_stabs,
          chequers_serial_rivers_small_3
D:4:      layout_loops_cross, nicolae_overflow_crystal_walls,
          minmay_temple_entry_mist

Skill      XL: |  1  2  3  4 |
---------------+-------------+-----
Axes           | 4 5 |  5.0
Fighting       | 4 |  4.4
Stealth        | 2 |  2.6
Dodging        | 4 |  4.0
Armour         | |  0.6

Action                   |  1- 3 |  4- 6 || total
-------------------------+-------+-------++-------
Melee: Hand axe          |    65 |    41 ||   106
       Headbutt          |    10 |     8 ||    18
       Punch             |     1 |     2 ||     3
 Stab: Sleeping          |     5 |       ||     5
Armor: Robe              |    14 |     1 ||    15
       Ring mail         |       |    20 ||    20
Dodge: Dodged            |    47 |    40 ||    87
